 Dungeon Sprint DCSS version 0.30-a0-953-g5f1da4a474 (webtiles) character file.

Game seed: 15364924948073184106

2 testman the Cutter (level 1, -1/16 HPs)
             Began as a Demonspawn Gladiator on Mar 28, 2023.
             Slain by Jessica
             ... wielding a +0 dagger
              (7 damage)
             ... in the Dungeon (Sprint III: "The Ten Rune Challenge").
             The game lasted 00:00:18 (37 turns).

testman the Cutter (Demonspawn Gladiator)             Turns: 37, Time: 00:00:19

Health: -1/16      AC:  4    Str: 14    XL:     1   Next: 33%
Magic:  1/1        EV: 12    Int:  9    God:
Gold:   0          SH:  0    Dex: 14    Spells: 0/0 levels left

rFire   . . .      SeeInvis .    a - +0 rapier
rCold   . . .      Faith    .    (no shield)
rNeg    . . .      Spirit   .    b - +0 leather armour
rPois   .          Reflect  .    c - +0 helmet
rElec   .          Rampage  .    (no cloak)
rCorr   .          NoTele   +    (no gloves)
Will    .....                    (no boots)
Stlth   +                        (no amulet)
HPRegen 0.22/turn                (no ring)
MPRegen 0.07/turn                (no ring)

@: no status effects
A: no striking features
a: no special abilities


You were in the Dungeon.
You visited 1 branch

Inventory:

Hand Weapons
 a - a +0 rapier (weapon)
Missiles
 d - 3 throwing nets (quivered)
 e - a javelin
Armour
 b - a +0 leather armour (worn)
 c - a +0 helmet (worn)
Scrolls
 k - a scroll of blinking
Potions
 f - a potion of curing
 g - a potion of heal wounds
 h - a potion of haste
 i - 2 potions of magic
 j - a potion of berserk rage


   Skills:
 + Level 2.1 Fighting
 + Level 3.1 Short Blades
 + Level 1.9 Throwing
 + Level 3.1 Dodging
 + Level 0.2 Stealth


You couldn't memorise any spells.
You didn't know any spells.
Your spell library was empty.

Dungeon Overview and Level Annotations

Branches:
Dungeon (1/1)

Altars:

Annotations:
D Jessica


Message History

Press ? for a list of commands and other information.
Found a staircase leading out of the dungeon.
An endoplasm comes into view.
An endoplasm comes into view.
Found a sling.
The helpless endoplasm fails to defend itself.
You hit the endoplasm.
You kill the endoplasm!
The endoplasm closely misses you.
Your Short Blades skill increases to level 3!
You barely miss the endoplasm. The endoplasm hits you.
You hit the endoplasm.
The endoplasm is moderately wounded.
The endoplasm freezes you.
You are frozen.
You puncture the endoplasm!
You kill the endoplasm!
Your Dodging skill increases to level 3!
You see here a +0 sling.
Found 8 gold pieces.
Jessica the Apprentice Sorceress comes into view.
She is wielding a +0 dagger.
Jessica casts a spell at you. Pain shoots through your body!
You hit Jessica but do no damage. Jessica hits you with a +0 dagger.
You closely miss Jessica. Jessica hits you but does no damage.
You closely miss Jessica. Jessica hits you but does no damage.
You closely miss Jessica.
Jessica points at you and mumbles some strange words.
Pain shoots through your body!
You closely miss Jessica. Jessica barely misses you.
You hit Jessica.
Jessica is moderately wounded.
Jessica closely misses you.
You hit Jessica.
Jessica is severely wounded.
Jessica closely misses you.
You completely miss Jessica.
Jessica is severely wounded.
Jessica hits you with a +0 dagger!
You die...

▓▓▓▓▓▓▓▓▓
▓<..#$..####
▓...#......##
▓..##.....@.#
▓##.##.##..@#
##.##.###..#
▓#.####.##..#
▓.###..##..##
▓#.....# ..#
###..## ..#
##..## ...#
#..##


You could see Jessica.

Vanquished Creatures
  2 endoplasms (D)
2 creatures vanquished.

Notes
Turn   | Place    | Note
-------+----------+-------------------------------------------
     0 | D        | testman the Demonspawn Gladiator began the quest for the
                  | Orb.
     0 | D        | Reached XP level 1. HP: 16/16 MP: 1/1
    25 | D        | Noticed Jessica
    37 | D        | Slain by Jessica

Illustrated notes

Levels and vault maps discovered:
D:        dungeon_sprint_mu [sprint_mu_entry_cave, sprint_mu_temple_rooms,
          sprint_mu_d1_spiders, sprint_mu_d2_genie, sprint_mu_d3_branching,
          sprint_mu_orc_legion, sprint_mu_elf_gauntlet, sprint_mu_hive_nellie,
          sprint_mu_lair_fedhas, sprint_mu_vaults_butterflies,
          sprint_mu_slime_circle, sprint_mu_swamp_cave, sprint_mu_snake_twists,
          sprint_mu_blade_basic, sprint_mu_crypt_lich, sprint_mu_tomb_spiral,
          sprint_mu_vestibule_basic, sprint_mu_gehenna_hellfire,
          sprint_mu_dis_giant, sprint_mu_tartarus_statrot,
          sprint_mu_cocytus_islands, sprint_mu_zot1]

Skill      XL: |  1 |
---------------+----+-----
Short Blades   | 3 |  3.1
Dodging        | 3 |  3.1
Fighting       | |  2.1
Throwing       | |  1.9
Stealth        | |  0.2

Action                     || total
---------------------------++-------
  Melee: Rapier            ||    12
   Stab: Sleeping          ||     1
 Armour: Leather armour    ||     2
  Dodge: Dodged            ||     4

Table legend: (Time is in decaauts)
 A = Elapsed time spent in this place.
 B = Non-inter-level travel time spent in this place.
 C = Inter-level travel time spent in this place.
 D = Time resting spent in this place.
 E = Time spent auto-exploring this place.
 F = Levels seen in this place.
 G = Mean time per level.
                   A        B        C        D        E       F      G
               +--------+--------+--------+--------+--------+-----+--------+
         Total |     37 |     37 |      0 |      0 |      0 |   1 |   37.0 |
       Dungeon |     37 |     37 |      0 |      0 |      0 |   1 |   37.0 |
               +--------+--------+--------+--------+--------+-----+--------+

Top non-repeatable levels by time:
       D: 37 daAuts
